 Dungeon Crawl Stone Soup version 0.31-a0-234-gad7ace16ef (webtiles) character file.

Game seed: 17694170886358256208

71 Ijustatesigmund the Stinger (level 4, 0/28 HPs)
             Began as an Octopode Venom Mage on July 10, 2023.
             Slain by an orc wizard
             ... wielding a +0 dagger
              (2 damage)
             ... on level 3 of the Dungeon.
             The game lasted 00:03:00 (1599 turns).

Ijustatesigmund the Stinger (Octopode Venom Mage)   Turns: 1599, Time: 00:03:01

Health: 0/28       AC:  1    Str:  7    XL:     4   Next: 24%
Magic:  3/7        EV: 13    Int: 19    God:
Gold:   40         SH:  0    Dex: 12    Spells: 2/8 levels left

rFire   . . .        d - +0 dagger
rCold   . . .        (no shield)
rNeg    . . .        (helmet restricted)
rPois   .            (no amulet)
rElec   .            (no ring)
rCorr   .            (no ring)
SInv    .            (no ring)
Will    .....        (no ring)
Stlth   +++          (no ring)
HPRegen 0.24/turn    (no ring)
MPRegen 0.10/turn    (no ring)
                     (no ring)

%: no passive effects
@: no status effects
A: almost no armour, amphibious, 8 rings, camouflage 1, gelatinous body 1,
(nimble swimmer 1), tentacles
a: no special abilities


You were on level 3 of the Dungeon.
You visited 1 branch of the dungeon, and saw 3 of its levels.

You collected 40 gold pieces.

Inventory:

Hand Weapons
 d - a +0 dagger (weapon)
Missiles
 b - 2 silver javelins (quivered)
 g - a throwing net
Jewellery
 f - a ring of ice
Potions
 a - a potion of magic


   Skills:
 + Level 1.6 Fighting
 - Level 2.0 Dodging
 - Level 2.6 Stealth
 + Level 2.6 Spellcasting
 + Level 0.7 Conjurations
 - Level 1.0 Transmutations
 + Level 1.3 Air Magic
 + Level 4.3 Poison Magic


You had 2 spell levels left.
You knew the following spells:

 Your Spells              Type           Power      Damage    Failure   Level
a - Sting                 Tmut/Pois      48%        1d5       5%          1
b - Poisonous Vapours     Pois/Air       26%        N/A       8%          2
c - Mephitic Cloud        Conj/Pois/Air  10%        N/A       21%         3

Your spell library contained the following spells:

 Spells                   Type           Power      Damage    Failure   Level
 Olgreb's Toxic Radiance  Pois           18%        N/A       26%         4


Dungeon Overview and Level Annotations

Branches:
Dungeon (3/15)

Altars:

Shops:
D:3 [


Innate Abilities, Weirdness & Mutations

You cannot wear most types of armour.
You are amphibious.
You can wear up to eight rings at the same time.
Your skin changes colour to match your surroundings (Stealth+).
Your rubbery body absorbs attacks. (AC +1, EV +1)
((You are camouflaged when in or above water. (Stealth+)))
You have tentacles for arms and can constrict up to eight enemies at once.


Message History

a +0 dagger; a goblin corpse The air fills with toxic fumes!
As you read the scroll labelled ATUYGHE FAIMP, it crumbles to dust.
It was a scroll of poison.
The orc barely misses you.
Casting: Poisonous Vapours (safe; 8% risk of failure)
Confirm with . or Enter, or press ? or * to list all spells.
Aiming: Poisonous Vapours (safe; 8% risk of failure)
Press: ? - help, Dir - move target, f - orc wizard
Aim: an orc wizard, wielding a +0 dagger and wearing a +0 robe Poisonous vapours surround the orc wizard!
The orc wizard is poisoned.
The orc wizard gestures wildly while chanting.
The orc wizard flickers and vanishes!
Deactivating autopickup; reactivate with Ctrl-A.
The orc hits you with a +0 mace!
You hit the orc. Your grab misses the orc.
The orc is heavily wounded.
You closely miss the orc. You grab the orc. You constrict the orc.
You hit the orc but do no damage.
The orc is lightly wounded.
You constrict the orc. The orc hits you with a +0 club.
You hit the orc.
The orc is heavily wounded.
You constrict the orc. The orc hits you with a +0 club.
* * * LOW HITPOINT WARNING * * *
It was a potion of curing.
You feel better.
You constrict the orc.
You kill the orc!
You barely miss something. Something hits you.
You miss something. Something hits you.
You miss something.
You hear some strange, mumbled words.
A magic dart appears from out of thin air!
The magic dart hits you!
* * * LOW HITPOINT WARNING * * *
Okay, then.
As you read the scroll labelled EVUIBOS SOG BES, it crumbles to dust.
It is a scroll of identify.
You don't currently have any unidentified items.
Something hits you.
You die...

............$..#
..........# #☼°##
......(.<# #.°§#
#.....<## #☼☼§#
######..###.§☼#
##..##.#.#
##§##☼#§##########
#☼☼○§§○§#§○§#°§.##
###§°☼§@§○o.☼§☼..#
#§§°##○{gl°☼§§...
#.#.##○°§.☼§○....
...#.##§§§§☼S§§...
#...♣..○§☼§§°§.§...
#..♣~~~P§☼§.○#○§...
..P~~~~§♣§○§○§.○.$.
.###~PP~§.○§######..
.~~~~.~♣## .


You could see an adder, an orc, a hobgoblin and a frilled lizard.

Vanquished Creatures
  2 adders (D:2)
  2 worms (D:2)
  A dart slug (D:2)
  An orc (D:3)
  5 endoplasms
  A giant cockroach (D:1)
  5 goblins
  5 hobgoblins
  3 jackals (D:2)
  2 kobolds
  A quokka (D:2)
  2 ball pythons (D:2)
  4 bats (D:2)
  2 frilled lizards (D:2)
  4 rats
40 creatures vanquished.

Notes
Turn   | Place    | Note
-------+----------+-------------------------------------------
     0 | D:1      | Ijustatesigmund the Octopode Venom Mage began the quest for
                  | the Orb.
     0 | D:1      | Reached XP level 1. HP: 11/11 MP: 3/3
   252 | D:1      | Reached XP level 2. HP: 13/18 MP: 5/5
   255 | D:1      | Learned a level 2 spell: Poisonous Vapours
   317 | D:1      | You fall into a shaft and drop 1 floor!
   371 | D:2      | Reached skill level 1 in Fighting
   410 | D:2      | Reached skill level 4 in Poison Magic
   410 | D:2      | Reached XP level 3. HP: 15/23 MP: 1/6
   414 | D:2      | Reached skill level 1 in Air Magic
   470 | D:2      | Learned a level 3 spell: Mephitic Cloud
  1002 | D:2      | Reached XP level 4. HP: 24/28 MP: 4/7
  1563 | D:3      | Found Sauwk's Antique Armour Boutique.
  1598 | D:3      | HP: 1/28 [something/magic dart (11)]
  1599 | D:3      | Slain by an orc wizard

Illustrated notes

Levels and vault maps discovered:
D:1:      co_arrival_two_rings, layout_basic, st_stairs_8, minivault_23,
          kennysheep_flooded_box, minmay_octomino_c4
D:2:      layout_loops_ring
D:3:      layout_rooms, serial_shops, shop, shop, shop, shop, shop,
          serial_bayou_pond_b, uniq_grinder

Skill      XL: |  1  2  3 |
---------------+----------+-----
Fighting       | 1 |  1.6
Poison Magic   | 4 |  4.3
Air Magic      | 1 |  1.3
Dodging        | |  2.0
Stealth        | |  2.6
Spellcasting   | |  2.6
Conjurations   | |  0.7
Transmutations | |  1.0

Action                     |  1- 3 |  4- 6 || total
---------------------------+-------+-------++-------
  Melee: Dagger            |    66 |    20 ||    86
         Tentacles         |    21 |     2 ||    23
         Unarmed           |     3 |       ||     3
         Constrict         |    21 |     2 ||    23
  Throw: Javelin           |     1 |       ||     1
   Cast: Sting             |     8 |     1 ||     9
         Poisonous Vapours |    12 |     7 ||    19
    Use: Scroll            |       |     2 ||     2
         Potion            |       |     1 ||     1
   Stab: Sleeping          |     1 |       ||     1
 Armour: Skin              |     2 |       ||     2
  Dodge: Dodged            |    48 |     8 ||    56

Table legend: (Time is in decaauts)
 A = Elapsed time spent in this place.
 B = Non-inter-level travel time spent in this place.
 C = Inter-level travel time spent in this place.
 D = Time resting spent in this place.
 E = Time spent auto-exploring this place.
 F = Levels seen in this place.
 G = Mean time per level.
                   A        B        C        D        E       F      G
               +--------+--------+--------+--------+--------+-----+--------+
         Total |   1598 |   1583 |     15 |    376 |    944 |   3 |  532.7 |
       Dungeon |   1598 |   1583 |     15 |    376 |    944 |   3 |  532.7 |
               +--------+--------+--------+--------+--------+-----+--------+

Top non-repeatable levels by time:
     D:2: 1223 daAuts
     D:1: 316 daAuts
     D:3: 58 daAuts
